 Dungeon Crawl Stone Soup version 0.18.1-50-g88ac8fd (webtiles) character file.

386 wolfsongas the Ruffian (level 6, -1/84 HPs)
             Began as a Minotaur Monk on May 2, 2017.
             Engulfed by a cloud of flame (16 damage)
             ... on level 6 of the Dungeon.
             The game lasted 00:08:49 (2829 turns).

wolfsongas the Ruffian (Minotaur Monk)              Turns: 2829, Time: 00:08:51

Health: -1/84      AC: 23    Str: 17    XL:     6   Next: 48%
Magic:  5/5        EV:  2    Int:  7    God:
Gold:   131        SH:  0    Dex: 13    Spells: 0 memorised, 5 levels left

rFire  . . .     SeeInvis .       - Unarmed
rCold  . . .     Gourm    .     (armour currently unavailable)
rNeg   + + +     Faith    .     (no shield)
rPois  +         Spirit   .     (helmet currently unavailable)
rElec  .         Dismiss  .     (cloak currently unavailable)
rCorr  .         Reflect  .     (gloves currently unavailable)
SustAt .         Harm     .     (boots currently unavailable)
MR     .....     NoTele   +     (no amulet)
Stlth  +++.......               (no ring)
                                (no ring)

@: lethally poisoned (-1 -> -1), tree-form, not resistant to hostile
enchantments, fairly stealthy
A: (retaliatory headbutt), (horns 0)
a: no special abilities


You were on level 6 of the Dungeon.
You were not hungry.
You were a tree.
You visited 1 branch of the dungeon, and saw 4 of its levels.

You collected 164 gold pieces.
You spent 33 gold pieces at shops.

Inventory:

Hand Weapons
 l - a +0 spear
Armour
 a - a +0 robe (melded)
 c - a cursed +0 robe
 f - a +0 helmet
 o - a +0 chain mail
 p - a +0 leather armour
 r - a +0 cloak (melded)
Scrolls
 e - a scroll of identify
 t - a scroll of remove curse
Potions
 d - 2 potions of brilliance {unknown}
 g - a potion of curing {unknown}
 h - a potion of invisibility {unknown}
 i - a potion of heal wounds {unknown}
 j - 3 potions of cure mutation
 k - a potion of haste {unknown}
Comestibles
 b - 2 bread rations
 m - a beef jerky
 n - a meat ration


   Skills:
 + Level 5.0 Fighting
 + Level 5.3 Dodging
 + Level 2.6 Stealth
 + Level 6.2 Unarmed Combat


You had 5 spell levels left.
You didn't know any spells.

Dungeon Overview and Level Annotations

Branches:
Dungeon (3/15)

Altars:
Ashenzari
Kikubaaqudgha
Nemelex Xobeh
Xom

Shops:
D:6 !


Innate Abilities, Weirdness & Mutations

((You reflexively headbutt those who attack you in melee.))
((You have a pair of horns on your head.))


Message History

The scorpion stings you but does no damage.
The scorpion stings you but does no damage.
You hit the phantom.
The phantom is severely damaged.
The scorpion barely misses you.
The phantom hits you but does no damage.
You barely miss the phantom.
The phantom is severely damaged.
You feel sick.
The scorpion stings you but does no damage.
The phantom blinks!
The scorpion stings you.
The phantom blinks!
The scorpion stings you but does no damage.
You pummel the phantom!!
The phantom explodes!
The fiery explosion engulfs you!
* * * LOW HITPOINT WARNING * * *
Your Fighting skill increases to level 5!
You are engulfed in roaring flames.
You die...

..>......#..#
.##.##.###..# ..§
.#####.# #..# ..#
.......###..#####..##
###.............#...
#.####......#$..### #
... #.....###§§.....
### #......#§§§##.#
#.....8.§♣§.8.#
###.....s..####
#####.#### #.# #.#
#.# #.# #.# ...


You could see a scorpion (inner flame).

Vanquished Creatures
  The ghost of wolfsongas the Ruffian, an amateur MiMo (D:3)
  A phantom (D:6)
  2 jellies (D:3)
  2 adders (D:2)
  An ooze (D:1)
  A worm (D:2)
  6 dart slugs
  3 giant geckos
  5 orcs (D:3)
  4 giant cockroaches
  8 goblins
  3 hobgoblins
  5 jackals
  A quokka (D:2)
  A sheep (D:3)
  A ball python (D:2)
  4 bats
  2 giant newts (D:2)
  3 kobolds
  6 rats
60 creatures vanquished.

Notes
Turn   | Place    | Note
--------------------------------------------------------------
     0 | D:1      | wolfsongas the Minotaur Monk began the quest for the Orb.
     0 | D:1      | Reached XP level 1. HP: 19/19 MP: 0/0
    88 | D:1      | Reached XP level 2. HP: 27/27 MP: 1/1
   912 | D:2      | Found an ancient bone altar of Kikubaaqudgha.
  1028 | D:2      | Reached skill level 5 in Unarmed Combat
  1028 | D:2      | Reached XP level 3. HP: 29/33 MP: 2/2
  1581 | D:2      | Reached XP level 4. HP: 31/40 MP: 3/3
  1990 | D:3      | Noticed wolfsongas's ghost (amateur MiMo)
  2009 | D:3      | Killed wolfsongas's ghost
  2009 | D:3      | Reached XP level 5. HP: 5/47 MP: 4/4
  2353 | D:3      | Found a shattered altar of Ashenzari.
  2425 | D:3      | Found a shimmering altar of Xom.
  2478 | D:3      | Reached skill level 5 in Dodging
  2478 | D:3      | Reached skill level 6 in Unarmed Combat
  2478 | D:3      | Reached XP level 6. HP: 45/55 MP: 5/5
  2525 | D:3      | Found a sparkling altar of Nemelex Xobeh.
  2758 | D:3      | You fall through a shaft for 3 floors!
  2798 | D:6      | Found Tufranel's Distillery.
  2811 | D:6      | Bought a potion of lignification for 33 gold pieces
  2829 | D:6      | Reached skill level 5 in Fighting
  2829 | D:6      | Engulfed by a cloud of flame

Skill      XL: |  1  2  3  4  5  6 |
---------------+-------------------+-----
Unarmed Combat | 5 6 |  6.2
Fighting       | 4 5 |  5.0
Stealth        | 2 |  2.6
Dodging        | 4 5 |  5.3

Action                   |  1- 3 |  4- 6 || total
-------------------------+-------+-------++-------
Melee: Unarmed           |    65 |    65 ||   130
       Headbutt          |     7 |    11 ||    18
       Punch             |     2 |     2 ||     4
  Use: Scroll            |     2 |     3 ||     5
       Potion            |     1 |     2 ||     3
 Stab: Distracted        |       |     1 ||     1
  Eat: Meat ration       |     1 |       ||     1
       Chunk             |       |     1 ||     1
Armor: Robe              |    10 |    14 ||    24
       Skin              |       |    17 ||    17
Dodge: Dodged            |    52 |    47 ||    99
